Cogmind - Beta 15 @@@ ROGUE MODE // 2025.07.10 @ 22:02:18 Player: Rockstar Result: Destroyed by H-77 Assassin with Coil Gun Performance ------------- Evolutions (6) 3000 Regions Visited (14) 2800 Robots Destroyed (50) 250 Value Destroyed (2281) 2281 Prototype IDs (8) 160 Alien Tech Used (0) 0 Bonus (1850) 1850 TOTAL SCORE: 10341 Bonus ------- Follower Combat Kills 110 Aligned with FarCom 300 MAIN.C Attacked Warlord 500 Warlord Defense Kills 940 Cogmind --------- Core Integrity 0/1150 Matter 198/300 Energy 90/100 System Corruption 0% Temperature Cool (0) Movement Core (50) Location -4/Factory Parts ------- > --- POWER (2) -------- (None) > --- PROPULSION (4) --- (None) > --- UTILITY (10) ----- (None) > --- WEAPON (3) ------- (None) > --- INVENTORY (5) ---- Makeshift Ablative Armor Improved Recalibrator Improved Arc Projector Matter Neutralizer Peak State ------------ > --- POWER ------------ Light Nuclear Core Light Fission Core > --- PROPULSION ------- Armored Leg Myomer Leg Myomer Leg > --- UTILITY ---------- Advanced Heat Sink Medium Storage Unit Improved Signal Interpreter Improved Salvage Targeting Computer Advanced ECM Suite Makeshift Ablative Armor Makeshift Ablative Armor Graphene Brace Advanced Thermal Shield > --- WEAPON ----------- Vortex Cannon Vortex Cannon Vortex Cannon > --- INVENTORY -------- VTOL Module Heavy Beamcaster Vortex Rifle Coil Gun Railgun RU-N14's Throwing Claymores v3 RU-N14's Throwing Claymores v3 Phasing Sabre [Rating: 99] Favorites ----------- Power Fission Core Engine Backup Power III Power Core Fission Core Propulsion Potential Leg Leg Potential Leg Wheel Compact Wheel Flight Unit VTOL Module Utility Improved Signal Interpreter Device Transmission Jammer Storage Medium Storage Unit Processor Improved Signal Interpreter Hackware System Shield Protection Makeshift Ablative Armor Weapon Dispersion Rifle Energy Gun Dispersion Rifle Energy Cannon Vortex Cannon Ballistic Gun Assault Rifle Ballistic Cannon Hypervelocity Mass Driver Launcher Vortex Catalyst Activator Special Weapon RU-N14's Throwing Claymores v3 Slashing Weapon Phasing Sabre Build | -11 -10 -10 -10 -9 -8 -7 -6 -6 -5 -5 -5 -5 -4 -4 ------- Run | Yrd Mat Min Exi Min Mat Fac Fac Ext Fac Upp Upp War Pro Fac Slots Evolved 12 | . . . . . 4 2 2 . 2 . . . . 2 Power 1 | . . . . . . 1 . . . . . . . . Propulsion 2 | . . . . . 2 . . . . . . . . . Utility 8 | . . . . . 2 1 2 . 2 . . . . 1 Weapon 1 | . . . . . . . . . . . . . . 1 Parts Attached 103 | 5 4 2 7 . 5 5 2 11 2 11 12 15 9 13 Power 12 | 1 . 1 . . . 3 . . . 2 2 1 1 1 Engine 5 | 1 . . . . . 2 . . . . 1 . . 1 Core 7 | . . 1 . . . 1 . . . 2 1 1 1 . Reactor . | . . . . . . . . . . . . . . . Propulsion 20 | 2 . . 2 . 2 . . 2 . . 3 2 2 5 Treads . | . . . . . . . . . . . . . . . Leg 13 | . . . 2 . 2 . . 2 . . 3 2 2 . Wheel 3 | 2 . . . . . . . . . . . . . 1 Hover . | . . . . . . . . . . . . . . . Flight 4 | . . . . . . . . . . . . . . 4 Utility 44 | 1 3 1 3 . 2 2 2 6 1 7 5 6 3 2 Device 21 | . 1 . . . 2 2 . 3 1 3 3 1 3 2 Storage 9 | 1 2 . 3 . . . . 2 . 1 . . . . Processor 6 | . . 1 . . . . 1 1 . 2 . 1 . . Hackware 2 | . . . . . . . . . . . 2 . . . Protection 6 | . . . . . . . 1 . . 1 . 4 . . Artifact . | . . . . . . . . . . . . . . . Weapon 27 | 1 1 . 2 . 1 . . 3 1 2 2 6 3 5 Energy Gun 5 | . . . . . . . . . 1 1 1 1 . 1 Energy Cannon 8 | . . . 1 . 1 . . . . . 1 3 1 1 Ballistic Gun 5 | 1 . . . . . . . 3 . . . . . 1 Ballistic Cannon 3 | . 1 . 1 . . . . . . 1 . . . . Launcher 1 | . . . . . . . . . . . . 1 . . Special Weapon 4 | . . . . . . . . . . . . 1 2 1 Impact Weapon . | . . . . . . . . . . . . . . . Slashing Weapon 1 | . . . . . . . . . . . . . . 1 Piercing Weapon . | . . . . . . . . . . . . . . . Special Melee Weapon . | . . . . . . . . . . . . . . . Unidentified Prototypes 8 | . . . 3 . . . . 1 . . . 4 . . Parts Lost 62 | . . . . . . . 1 17 . . 20 1 7 16 Power 13 | . . . . . . . 1 4 . . 4 1 . 3 Propulsion 15 | . . . . . . . . 5 . . 1 . 3 6 Utility 22 | . . . . . . . . 4 . . 11 . 4 3 Weapon 12 | . . . . . . . . 4 . . 4 . . 4 Highest Loss Streak 17 | . . . . . . . 1 17 . . 8 1 2 7 To Critical Strikes 1 | . . . . . . . . 1 . . . . . . Average Backups 8 | . 6 15 11 14 13 14 14 11 4 4 5 5 8 6 Power . | . 1 2 1 3 3 2 3 1 . . . . . . Propulsion . | . 1 2 . . 1 2 2 1 . . 1 . . . Utility 3 | . 3 6 5 7 7 7 5 5 3 3 2 . . . Weapon 3 | . 1 4 3 4 2 2 3 3 1 1 1 4 7 4 Tool/Special . | . . . . . . . . . . . . . . . Unused Backups 25 | . . . 8 4 2 2 1 1 . . 2 1 . 4 Power 1 | . . . . 1 . . . . . . . . . . Propulsion 4 | . . . 2 . . . . . . . 1 1 . . Utility 11 | . . . 3 2 1 2 . 1 . . 1 . . 1 Weapon 9 | . . . 3 1 1 . 1 . . . . . . 3 Tool/Special . | . . . . . . . . . . . . . . . Average Slot Usage (%) 74 | . 95 100 88 85 92 97 98 88 12 61 67 70 89 53 Engine 1 | . 14 4 . . . 3 . 5 . . 3 3 . . Core 9 | . . 9 14 14 9 10 12 5 . 10 4 3 10 4 Leg 10 | . . . 19 28 31 30 26 22 . . 10 19 18 10 Wheel 2 | . 28 28 8 . . . . . . . . . . . Device 12 | . 11 8 . . 8 13 13 10 3 20 12 6 11 13 Storage 6 | . 14 14 13 14 18 15 13 15 . . 6 5 5 3 Processor 11 | . . 5 14 14 9 7 12 11 5 15 13 6 11 6 Hackware 1 | . . . . . . . . . . . 4 9 . . Protection 4 | . . . . . . . 6 2 . 3 . 6 16 3 Energy Gun 1 | . . . . . . . . . 3 4 3 1 . . Energy Cannon 2 | . . . . . 14 15 13 7 . . 2 2 8 6 Ballistic Gun 1 | . 14 14 3 . . . . 4 . . . . . . Ballistic Cannon 4 | . 11 14 13 14 . . . . . 4 . . . . Peak Build Rating 99 | 5 8 14 44 37 58 66 72 78 14 59 79 94 90 99 Average Rating 51 | 3 6 11 31 36 55 63 71 63 12 52 55 59 82 57 On Entrance 38 | . 5 8 14 36 37 58 66 69 7 14 59 23 90 85 Naked Turns 89 | . . . . . . . . 23 . . . . . 66 Heaviest Build 95 | 10 89 91 95 37 46 55 56 58 4 50 55 70 80 87 Greatest Support 94 | 32 32 32 60 60 94 94 94 94 3 3 56 76 76 66 Greatest Overweight (x) 16 | . 2 2 3 . . . . 1 1 16 16 . 2 1 Average Overweight (x) 1 | . 1 2 . . . . . . . 12 . . . . Largest Inventory Capacity 25 | 8 25 25 25 15 15 15 15 15 5 10 10 10 10 10 Average Capacity 10 | 7 24 25 14 15 15 15 15 14 5 5 8 10 10 8 Most Carried 25 | 2 11 25 25 15 15 15 15 15 5 5 7 10 9 10 Average Carried 8 | . 7 16 12 14 13 14 14 11 4 4 5 6 8 6 Final Capacity 25 | 8 25 25 15 15 15 15 15 5 5 5 10 10 10 5 Final Carried 25 | 2 11 25 15 15 14 15 15 5 4 5 4 9 9 4 Class Distribution -------------------- 64% | Derelict-Mutant 31% | Mutant 3% | Skirmisher Dominant Class ---------------- Mutant | -10/Materials Mutant | -10/Mines Mutant | -10/Exiles Mutant | -9/Mines Mutant | -8/Materials Mutant | -7/Factory Skirmisher | -6/Factory Skirmisher | -6/Extension Mutant | -5/Factory Derelict-Mutant | -5/Upper Caves Derelict-Mutant | -5/Upper Caves Derelict-Mutant | -5/Warlord Derelict-Mutant | -4/Proximity Caves Mutant | -4/Factory Resources | -11 -10 -10 -10 -9 -8 -7 -6 -6 -5 -5 -5 -5 -4 -4 ----------- Run | Yrd Mat Min Exi Min Mat Fac Fac Ext Fac Upp Upp War Pro Fac Matter Collected 1815 | 183 . 253 92 471 . 130 15 44 14 96 179 . 305 33 Remotely . | . . . . . . . . . . . . . . . Salvage Created 1657 | . . 144 . 139 . 110 . . 14 . 668 206 309 67 Parts 62 | . . 6 . 9 . 4 . . . . 14 12 9 8 Haulers Intercepted . | . . . . . . . . . . . . . . . Recyclers Shooed . | . . . . . . . . . . . . . . . Parts Field Recycled . | . . . . . . . . . . . . . . . Retrieved Matter . | . . . . . . . . . . . . . . . Parts Self-Destructed 18 | . . . . . . . . . . 3 8 . 7 . Prevented 4 | . . . . . . . . . . . 4 . . . Kills | -11 -10 -10 -10 -9 -8 -7 -6 -6 -5 -5 -5 -5 -4 -4 ------- Run | Yrd Mat Min Exi Min Mat Fac Fac Ext Fac Upp Upp War Pro Fac Combat Hostiles Destroyed 46 | . . 4 . 8 . 2 . . . . 10 7 13 2 Guns 5 | . . 1 . . . . . . . . 3 . . 1 Cannons 24 | . . 3 . 8 . 1 . . . . 5 . 7 . AOE 14 | . . . . . . . . . . . . 7 6 1 Classes Destroyed 10 | . . 1 . 1 . 1 . . 1 . . 4 1 1 Worker 3 | . . . . . . . . . 1 . . . . 2 Builder 1 | . . . . . . . . . . . . . . 1 Swarmer 10 | . . . . 4 . . . . . . . . 5 1 Grunt 27 | . . 4 . 4 . 1 . . . . 8 2 7 1 Brawler 3 | . . . . . . 1 . . . . 2 . . . Protector 1 | . . . . . . . . . . . . 1 . . Demolisher 1 | . . . . . . . . . . . . 1 . . Programmer 2 | . . . . . . . . . . . . 2 . . Behemoth 1 | . . . . . . . . . . . . . 1 . Executioner 1 | . . . . . . . . . . . . 1 . . Best Kill Streak 7 | . . 2 . 4 . 2 . . 1 . 3 7 5 3 Combat Bots Only 7 | . . 2 . 4 . 2 . . . . 3 7 5 1 Max Kills in Single Turn 6 | . . 1 . 1 . 1 . . 1 . 1 6 3 3 Gunslinging . | . . . . . . . . . . . . . . . Exploded 6 | . . . . . . . . . . . . 6 2 1 Melee . | . . . . . . . . . . . . . . . Uniques/NPCs Destroyed . | . . . . . . . . . . . . . . . Combat | -11 -10 -10 -10 -9 -8 -7 -6 -6 -5 -5 -5 -5 -4 -4 -------- Run | Yrd Mat Min Exi Min Mat Fac Fac Ext Fac Upp Upp War Pro Fac Hostile Shots Fired 1010 | . . 21 . 63 . 3 27 350 . . 124 64 93 265 Missed 383 | . . 3 . 17 . 1 10 155 . . 29 25 29 114 Hits 627 | . . 18 . 46 . 2 17 195 . . 95 39 64 151 Melee 16 | . . . . . . . . . . . 14 2 . . Projectile 611 | . . 18 . 46 . 2 17 195 . . 81 37 64 151 AOE 4 | . . . . . . . 3 . . . . . . 1 Critical Strikes 24 | . . . . . . 1 . 7 . . 4 5 3 4 Actively Blocked 3 | . . . . . . . . . . . . . . 3 Damage Taken 9703 | . . 226 . 539 . 32 419 2659 . . 2083 609 697 2439 Core 2547 | . . 73 . 94 . 18 62 548 . . 531 58 9 1154 Absorbed by Shields 1816 | . . . . . . . . 460 . . . 261 601 494 Redirected to Shielding 12 | . . . . . . . . . . . 12 . . . Ignored by Resistances 112 | . . . . . . . . . . . . 81 . 31 Regen/Repaired (Parts) 102 | . . . . . . . . . . . . 102 . . Core Remaining (%) 66 | 100 . . . 33 100 97 . 28 . . . . 40 . Volleys Fired 141 | . 2 12 . 26 1 7 4 2 2 . 42 4 27 12 Largest 3 | . 2 2 . 1 1 1 1 2 1 . 2 1 2 3 Hottest 195 | . 50 50 . 50 60 120 120 60 63 . 158 20 100 195 Shots Fired 196 | . 4 25 . 26 1 7 4 3 2 . 56 4 46 18 Gun 54 | . 2 12 . . . . . 2 2 . 30 . . 6 Cannon 125 | . 2 13 . 26 1 7 4 1 . . 26 . 37 8 Launcher 4 | . . . . . . . . . . . . 4 . . Special 13 | . . . . . . . . . . . . . 9 4 Kinetic 65 | . 4 25 . 26 . . . 2 . . 4 . . 4 Thermal 57 | . . . . . 1 7 4 1 2 . 41 . . 1 Explosive 13 | . . . . . . . . . . . . . 9 4 Electromagnetic 11 | . . . . . . . . . . . 11 . . . Entropic 50 | . . . . . . . . . . . . 4 37 9 Robot Hit Streak 13 | . . 6 . 5 . 7 11 . 13 . 12 13 3 12 Robot Miss Streak 4 | . . 2 . 3 . . . . . . 3 1 4 1 Penetration Max 1 | . . . . . . . . . . . . . . 1 Secondary Targets . | . . . . . . . . . . . . . . . Shots Hit Robots 126 | . . 17 . 15 . 7 4 . 2 . 43 2 18 18 Core Hits 69 | . . 6 . 7 . 1 1 . 1 . 16 13 19 5 Critical Kills 3 | . . . . . . . . . . . 3 . . . Critical Parts Destroyed 1 | . . . . . . . . . . . 1 . . . Critical Strikes 12 | . . . . 3 . . . . . . 4 . 3 2 Destroy 4 | . . . . . . . . . . . 4 . . . Blast 3 | . . . . 3 . . . . . . . . . . Sever 1 | . . . . . . . . . . . . . . 1 Sunder 4 | . . . . . . . . . . . . . 3 1 Melee Attacks 1 | . . . . . . . . . . . . . . 1 Impact . | . . . . . . . . . . . . . . . Slashing 1 | . . . . . . . . . . . . . . 1 Piercing . | . . . . . . . . . . . . . . . Sneak Attacks 1 | . . . . . . . . . . . . . . 1 Combat Hostiles . | . . . . . . . . . . . . . . . Follow-up Attacks . | . . . . . . . . . . . . . . . Damage Inflicted 9894 | . . 254 . 941 . 224 138 22 34 . 1258 2600 2554 1869 Guns 929 | . . 111 . . . . . 22 34 . 526 . . 236 Cannons 3876 | . . 141 . 941 . 224 138 . . . 726 . 1202 504 Explosions 4647 | . . . . . . . . . . . . 2588 1210 849 Melee 70 | . . . . . . . . . . . . . . 70 Ramming 30 | . . 2 . . . . . . . . 6 12 . 10 Kinetic 1379 | . . 252 . 941 . . . 22 . . 33 . . 131 Thermal 1463 | . . . . . . 224 138 . 34 . 1033 . . 34 Explosive 2059 | . . . . . . . . . . . . . 1210 849 Electromagnetic 186 | . . . . . . . . . . . 186 . . . Impact . | . . . . . . . . . . . . . . . Slashing 412 | . . . . . . . . . . . . . 142 270 Piercing . | . . . . . . . . . . . . . . . Entropic 4365 | . . . . . . . . . . . . 2588 1202 575 Highest Corruption 17 | . 3 3 3 3 . . . . . . 17 17 3 . Average Corruption 4 | . 2 3 3 3 . . . . . . 16 15 2 . Corruption Purged . | . . . . . . . . . . . . . . . Corruption Blocked . | . . . . . . . . . . . . . . . Effects 66 | . 3 11 8 8 . . . . . . 12 7 17 . Message Errors 19 | . 2 3 2 2 . . . . . . 4 3 3 . Matter Fused 12 | . 1 4 1 1 . . . . . . . 1 4 . Heat Flow Errors 6 | . . 1 2 . . . . . . . 2 . 1 . Energy Discharges 7 | . . 2 1 1 . . . . . . 1 1 1 . Parts Rejected 1 | . . . . . . . . . . . 1 . . . Data Loss (minor) 13 | . . . 2 3 . . . . . . 1 1 6 . Data Loss (major) 3 | . . . . 1 . . . . . . 1 . 1 . Misfires 2 | . . 1 . . . . . . . . . . 1 . Alerts 1 | . . . . . . . . . . . . 1 . . Misdirections 2 | . . . . . . . . . . . 2 . . . Overload Shots . | . . . . . . . . . . . . . . . Overflow Damage 268 | . . . . 108 . . . . . . . 18 62 80 Projectiles 189 | . . . . 108 . . . . . . . . 47 34 Explosions 79 | . . . . . . . . . . . . 18 15 46 Melee . | . . . . . . . . . . . . . . . Knockbacks 10 | . . 2 . 8 . . . . . . . . . . Impact . | . . . . . . . . . . . . . . . Kinetic 10 | . . 2 . 8 . . . . . . . . . . Secondary . | . . . . . . . . . . . . . . . Self-Inflicted Damage 157 | . . 1 . . . . . . . . . 151 . 5 Shots 1 | . . . . . . . . . . . . 1 . . Rammed 2 | . . 1 . . . . . . . . . . . 1 Targets Rammed 5 | . . 1 . . . . . . . . 2 1 . 1 Kicked 3 | . . . . . . . . . . . 2 1 . . Crushed . | . . . . . . . . . . . . . . . Highest Temperature 399 | . . 137 219 180 . 183 209 399 22 . 298 . 200 9 Average Temperature 100 | . . 23 91 61 . 110 127 191 17 . 111 . 103 5 Received Heat Transfer 2691 | . . 123 . 231 . 36 48 1365 . . 622 57 118 91 Effects 6 | . . . . . . . . 6 . . . . . . Energy Bleed 1 | . . . . . . . . 1 . . . . . . Interference 3 | . . . . . . . . 3 . . . . . . Matter Decay 1 | . . . . . . . . 1 . . . . . . Short Circuit 1 | . . . . . . . . 1 . . . . . . Siege Activations . | . . . . . . . . . . . . . . . Martial Activations . | . . . . . . . . . . . . . . . Shielding Activations . | . . . . . . . . . . . . . . . Robots Disrupted . | . . . . . . . . . . . . . . . Combat Hostiles . | . . . . . . . . . . . . . . . Robots Corrupted . | . . . . . . . . . . . . . . . Combat Hostiles . | . . . . . . . . . . . . . . . Parts Fried . | . . . . . . . . . . . . . . . Impact Corruptions . | . . . . . . . . . . . . . . . Robots Melted 3 | . . . . . . 1 . . . . 2 . . . Combat Hostiles 3 | . . . . . . 1 . . . . 2 . . . Parts Melted 8 | . . . . . . 2 . . . . 6 . . . Heat Transferred 2679 | . . . . . . 474 320 . 74 . 1774 . . 37 Parts Sabotaged . | . . . . . . . . . . . . . . . Parts Stolen 3 | . . . . . . . . . . . 3 . . . Parts Stripped . | . . . . . . . . . . . . . . . Power Chain Reactions . | . . . . . . . . . . . . . . . Alert | -11 -10 -10 -10 -9 -8 -7 -6 -6 -5 -5 -5 -5 -4 -4 ------- Run | Yrd Mat Min Exi Min Mat Fac Fac Ext Fac Upp Upp War Pro Fac Maximum Alert Level . | . . . . . . . . . . . . . . . Low Security (%) 100 | 100 100 100 . 100 100 100 100 100 100 . . . . 100 Level 1 . | . . . . . . . . . . . . . . . Level 2 . | . . . . . . . . . . . . . . . Level 3 . | . . . . . . . . . . . . . . . Level 4 . | . . . . . . . . . . . . . . . Level 5 . | . . . . . . . . . . . . . . . High Security . | . . . . . . . . . . . . . . . Max Security . | . . . . . . . . . . . . . . . Peak Influence 175 | . 8 65 . 127 15 82 20 20 9 . . . . 175 Initial 20 | . . . . . 7 . 20 . 9 . . . . . Average 16 | . . 10 . 43 . 22 3 . 2 . . . . 23 Influence Increases 1723 | . 15 105 . 236 15 120 . 30 5 42 355 145 360 295 Destroy 0b10 Robot/C 980 | . . 80 . 160 . 80 . . . 40 200 120 260 40 Destroy 0b10 Robot/NC 25 | . . . . . . . . . 5 . . 5 . 15 Destroy Leader 100 | . . 10 . 20 . 10 . . . . 20 . 40 . Allied During Kill 34 | . . . . . . 12 . . . 2 . 20 . . Successful Hack 33 | . 15 . . . . 18 . . . . . . . . Disable Machine 30 | . . 15 . . 15 . . . . . . . . . Destroy Structure 41 | . . . . 11 . . . . . . . . . 30 Lose Combat Pursuer 480 | . . . . 45 . . . 30 . . 135 . 60 210 Influence Decreases 1563 | . 15 105 . 217 34 78 42 10 25 42 333 32 495 135 Entered New Map 202 | . . . . . 12 . 22 . 11 . . 22 135 . Time Decay 1021 | . 15 105 . 217 22 58 20 10 14 22 183 . 310 45 Lost Part 300 | . . . . . . . . . . . 150 10 50 90 Lost Ally 40 | . . . . . . 20 . . . 20 . . . . Squads Dispatched 11 | . 1 1 . . . 3 1 2 1 . 1 . . 1 Investigation 4 | . . 1 . . . 2 . 1 . . . . . . Extermination 1 | . . . . . . 1 . . . . . . . . Reinforcement 5 | . 1 . . . . . 1 1 1 . . . . 1 Assault 1 | . . . . . . . . . . . 1 . . . Garrison . | . . . . . . . . . . . . . . . Intercept . | . . . . . . . . . . . . . . . Searches Triggered . | . . . . . . . . . . . . . . . Construction Impeded 1 | . . . . . . . . 1 . . . . . . Haulers Reinforced 1 | . . . . . . . . . . . . . . 1 Active Scanning Responses . | . . . . . . . . . . . . . . . Cargo Convoy Interrupts . | . . . . . . . . . . . . . . . Stealth | -11 -10 -10 -10 -9 -8 -7 -6 -6 -5 -5 -5 -5 -4 -4 --------- Run | Yrd Mat Min Exi Min Mat Fac Fac Ext Fac Upp Upp War Pro Fac Distress Signals 3 | . . . . . . . . 2 . . . . . 1 Communications Jammed . | . . . . . . . . . . . . . . . Distress Signals . | . . . . . . . . . . . . . . . Times Spotted 122 | . 3 5 . 13 . 4 1 10 . . 24 17 15 30 Peak Tracking Total 22 | . 2 3 . 4 . 4 1 9 . . 7 16 5 22 Tactical Retreats 16 | . . . . 2 . . . 1 . . 6 . 4 3 Traps | -11 -10 -10 -10 -9 -8 -7 -6 -6 -5 -5 -5 -5 -4 -4 ------- Run | Yrd Mat Min Exi Min Mat Fac Fac Ext Fac Upp Upp War Pro Fac Traps Triggered 4 | . 2 . . . . 1 . 1 . . . . . . Indirectly . | . . . . . . . . . . . . . . . Trap Hack Attempts . | . . . . . . . . . . . . . . . Triggered . | . . . . . . . . . . . . . . . Disarmed . | . . . . . . . . . . . . . . . Reprogrammed . | . . . . . . . . . . . . . . . Reused . | . . . . . . . . . . . . . . . Traps Extracted . | . . . . . . . . . . . . . . . Installed . | . . . . . . . . . . . . . . . Triggered . | . . . . . . . . . . . . . . . Most Traps Carried 3 | . . 3 3 1 . . . . . . . . . . Machines | -11 -10 -10 -10 -9 -8 -7 -6 -6 -5 -5 -5 -5 -4 -4 ---------- Run | Yrd Mat Min Exi Min Mat Fac Fac Ext Fac Upp Upp War Pro Fac Machines Disabled 3 | . . 1 . . 1 . . 1 . . . . . . Max in Single Turn 1 | . . 1 . . 1 . . 1 . . . . . . Machines Repaired . | . . . . . . . . . . . . . . . Machines Dismantled . | . . . . . . . . . . . . . . . Machines Sabotaged . | . . . . . . . . . . . . . . . Overloaded Fab Kills . | . . . . . . . . . . . . . . . Hacking | -11 -10 -10 -10 -9 -8 -7 -6 -6 -5 -5 -5 -5 -4 -4 --------- Run | Yrd Mat Min Exi Min Mat Fac Fac Ext Fac Upp Upp War Pro Fac Machines Accessed 16 | . 3 1 . . 2 1 1 . 1 1 . 5 . 1 Terminals 6 | . 3 . . . 1 . . . 1 . . . . 1 Fabricators 1 | . . . . . . . 1 . . . . . . . Repair Stations 1 | . . . . . 1 . . . . . . . . . Recycling Units . | . . . . . . . . . . . . . . . Scanalyzers . | . . . . . . . . . . . . . . . Garrison Access 1 | . . . . . . 1 . . . . . . . . Total Hacks 34 | . 7 1 . . 5 2 2 . 2 1 . 12 . 2 Successful 21 | . 3 1 . . 1 1 1 . . 1 . 12 . 1 Failed 13 | . 4 . . . 4 1 1 . 2 . . . . 1 Catastrophic 3 | . 2 . . . . . 1 . . . . . . . Database Lockouts . | . . . . . . . . . . . . . . . Manual 18 | . 7 . 1 . 2 2 1 . 2 1 . . . 2 Terminals 14 | . 7 . . . 3 . . . 2 . . . . 2 Fabricators 2 | . . . . . . . 2 . . . . . . . Repair Stations 2 | . . . . . 2 . . . . . . . . . Recycling Units . | . . . . . . . . . . . . . . . Scanalyzers . | . . . . . . . . . . . . . . . Garrison Access 2 | . . . . . . 2 . . . . . . . . Terminal Hacks 17 | . 2 1 . . 1 . . . . 1 . 12 . . Record 11 | . . . . . . . . . . 1 . 10 . . Open Door 3 | . . 1 . . . . . . . . . 2 . . Branch Access Points 1 | . 1 . . . . . . . . . . . . . Emergency Access Points 1 | . . . . . 1 . . . . . . . . . Unreport Threat 1 | . 1 . . . . . . . . . . . . . Fabricator Hacks 1 | . . . . . . . 1 . . . . . . . Network Status 1 | . . . . . . . 1 . . . . . . . Repair Station Hacks . | . . . . . . . . . . . . . . . Recycling Unit Hacks . | . . . . . . . . . . . . . . . Scanalyzer . | . . . . . . . . . . . . . . . Garrison Access Hacks . | . . . . . . . . . . . . . . . Unauthorized Hacks 3 | . 1 . . . . 1 . . . . . . . 1 Terminals 2 | . 1 . . . . . . . . . . . . 1 Track 2 | . 1 . . . . . . . . . . . . 1 Fabricators . | . . . . . . . . . . . . . . . Repair Stations . | . . . . . . . . . . . . . . . Recycling Units . | . . . . . . . . . . . . . . . Scanalyzers . | . . . . . . . . . . . . . . . Garrison Access 1 | . . . . . . 1 . . . . . . . . Reprogram 1 | . . . . . . 1 . . . . . . . . Data Cores Recovered . | . . . . . . . . . . . . . . . Used . | . . . . . . . . . . . . . . . Hacking Detections 8 | . 2 . . . 2 1 1 . 1 . . . . 1 Full Trace Events . | . . . . . . . . . . . . . . . Feedback Events . | . . . . . . . . . . . . . . . Feedback Blocked . | . . . . . . . . . . . . . . . Robot Schematics Acquired . | . . . . . . . . . . . . . . . Robots Built . | . . . . . . . . . . . . . . . Authchips . | . . . . . . . . . . . . . . . Time . | . . . . . . . . . . . . . . . Total Robot Build Rating . | . . . . . . . . . . . . . . . Part Schematics Acquired . | . . . . . . . . . . . . . . . Parts Built . | . . . . . . . . . . . . . . . Authchips . | . . . . . . . . . . . . . . . Time . | . . . . . . . . . . . . . . . Total Part Build Rating . | . . . . . . . . . . . . . . . Parts Repaired . | . . . . . . . . . . . . . . . Time . | . . . . . . . . . . . . . . . Parts Recycled . | . . . . . . . . . . . . . . . Recycled Matter . | . . . . . . . . . . . . . . . Retrieved Matter . | . . . . . . . . . . . . . . . Retrieved Components . | . . . . . . . . . . . . . . . Parts Scanalyzed . | . . . . . . . . . . . . . . . Part Schematics Acquired . | . . . . . . . . . . . . . . . Parts Damaged . | . . . . . . . . . . . . . . . Bothacking | -11 -10 -10 -10 -9 -8 -7 -6 -6 -5 -5 -5 -5 -4 -4 ------------ Run | Yrd Mat Min Exi Min Mat Fac Fac Ext Fac Upp Upp War Pro Fac Used RIF Installer . | . . . . . . . . . . . . . . . Robots Hacked . | . . . . . . . . . . . . . . . Non-combat . | . . . . . . . . . . . . . . . Combat . | . . . . . . . . . . . . . . . Robot Hacks Applied . | . . . . . . . . . . . . . . . Relay Couplers Released . | . . . . . . . . . . . . . . . Fabnet Peak Effective % . | . . . . . . . . . . . . . . . Robots Rewired 6 | . . . . . . . . . 1 . . 5 . . Allies Hacked 1 | . . . . . . . . . . . . 1 . . Hacks Repelled . | . . . . . . . . . . . . . . . Allies | -11 -10 -10 -10 -9 -8 -7 -6 -6 -5 -5 -5 -5 -4 -4 -------- Run | Yrd Mat Min Exi Min Mat Fac Fac Ext Fac Upp Upp War Pro Fac Total Allies 9 | . . . . . . 3 . . 1 . . 5 . . Largest Group 5 | . . . . . . 3 2 . 1 1 . 5 1 1 Highest-Rated Group 279 | . . . . . . 48 32 . 29 29 . 279 64 64 Highest-Rated Ally 68 | . . . . . . 16 16 . 29 29 . 68 64 64 Total Orders 3 | . . . . . . . . . 2 . . . 1 . FOLLOW 1 | . . . . . . . . . 1 . . . . . AID 2 | . . . . . . . . . 1 . . . 1 . Ally Attacks 31 | . . . . . . 22 . . 5 3 . 1 . . Total Damage 346 | . . . . . . 172 . . 77 59 . 38 . . Kills 4 | . . . . . . 2 . . . 2 . . . . Allies Corrupted . | . . . . . . . . . . . . . . . Allies Melted . | . . . . . . . . . . . . . . . Intel | -11 -10 -10 -10 -9 -8 -7 -6 -6 -5 -5 -5 -5 -4 -4 ------- Run | Yrd Mat Min Exi Min Mat Fac Fac Ext Fac Upp Upp War Pro Fac Active Infowar (turns) 5130 | . 173 338 . . 4 169 146 279 . 3629 391 1 . . Optics 424 | . . . . . . . 145 279 . . . . . . Sensors 491 | . . . . . 4 160 146 181 . . . . . . Terrain 511 | . 173 338 . . . . . . . . . . . . Jamming 4020 | . . . . . . . . . . 3629 391 . . . ECM 10 | . . . . . . 9 . . . . . 1 . . Robot Analysis Total . | . . . . . . . . . . . . . . . Derelict Logs Recovered 5 | . . . . 1 . . . . . 2 2 . . . Drone Launches . | . . . . . . . . . . . . . . . Drone Recoveries . | . . . . . . . . . . . . . . . Exploration | -11 -10 -10 -10 -9 -8 -7 -6 -6 -5 -5 -5 -5 -4 -4 ------------- Run | Yrd Mat Min Exi Min Mat Fac Fac Ext Fac Upp Upp War Pro Fac Turns Passed 9972 | 41 195 594 684 583 300 225 146 305 92 3641 632 1036 1168 330 Spaces Moved 4987 | 33 136 333 652 483 164 176 121 275 111 521 363 774 544 301 Core 813 | 2 . . . . . . . 51 111 521 10 . . 118 Treads . | . . . . . . . . . . . . . . . Legs 3464 | . . . 504 483 164 176 121 224 . . 353 774 544 121 Wheels 648 | 31 136 333 148 . . . . . . . . . . . Hover . | . . . . . . . . . . . . . . . Flight 62 | . . . . . . . . . . . . . . 62 Fastest Speed 32 | 50 100 130 90 90 90 110 110 50 50 100 120 112 112 32 Average Speed 177 | 96 129 130 99 90 103 110 110 101 76 697 131 114 186 79 Slowest Speed 850 | 100 130 130 330 90 110 110 110 200 100 850 850 120 260 190 Overloaded Moves . | . . . . . . . . . . . . . . . Propulsion Burnouts . | . . . . . . . . . . . . . . . Robots Hopped . | . . . . . . . . . . . . . . . Potential Cave-ins . | . . . . . . . . . . . . . . . Cave-ins Triggered . | . . . . . . . . . . . . . . . Exploration Rate (%) 42 | 4 29 73 78 81 22 6 4 42 4 61 53 81 79 13 Regions Visited 14 Branch Regions 8 Pre-discovered Areas 2 | . . 1 . . . . . . . 1 . . . . Known Exits Taken 11 | . 1 1 1 1 1 1 1 . . 1 1 1 1 . Unknown Exits Taken 3 | 1 . . . . . . . 1 1 . . . . . Scrap Searched 11 | . . 1 . 1 . . . . . 3 4 . 2 . Spaces Dug 11 | . . . . . . . . . . . . . 11 . Terrain Destroyed 293 | . . . . 12 . . . . . . 3 66 171 41 Melee . | . . . . . . . . . . . . . . . Projectile 37 | . . . . 12 . . . . . . 3 . 21 1 AOE 256 | . . . . . . . . . . . . 66 150 40 Terrain Rammed . | . . . . . . . . . . . . . . . Walls Destroyed . | . . . . . . . . . . . . . . . Machines Disabled . | . . . . . . . . . . . . . . . Actions | -11 -10 -10 -10 -9 -8 -7 -6 -6 -5 -5 -5 -5 -4 -4 --------- Run | Yrd Mat Min Exi Min Mat Fac Fac Ext Fac Upp Upp War Pro Fac Total 5920 | 39 150 469 694 595 294 200 130 298 116 533 454 922 651 375 Wait 457 | . . 110 . 75 112 5 . . . . 26 40 62 27 Move 4974 | 32 135 332 651 482 163 175 120 274 110 520 362 774 543 301 Hop . | . . . . . . . . . . . . . . . Pick Up 83 | 2 7 11 19 6 6 3 3 1 . . 5 11 4 5 Fast Attach 64 | 5 4 1 3 . 2 2 . 2 1 11 12 10 6 5 Attach 53 | . . . 3 . 4 2 2 12 1 . 4 8 4 13 Detach 29 | . 2 1 3 . 1 2 . 2 . 1 1 10 . 6 Swap 13 | . . 1 1 . 1 2 . 3 . . . . 4 1 Drop 43 | . . . 14 6 4 2 1 2 . 1 . 9 1 3 Fire 141 | . 2 12 . 26 1 7 4 2 2 . 42 4 27 12 Melee 1 | . . . . . . . . . . . . . . 1 Ram 2 | . . 1 . . . . . . . . . . . 1 Kick 2 | . . . . . . . . . . . 2 . . . Crush . | . . . . . . . . . . . . . . . Escape Stasis . | . . . . . . . . . . . . . . . Rewire 58 | . . . . . . . . . 2 . . 56 . . Trap . | . . . . . . . . . . . . . . . Miscellaneous . | . . . . . . . . . . . . . . . Route ------- -11/Scrapyard -10/Materials -10/Mines (discovered 3 exits: *Mat / *Exi / [*Sub]) -10/Exiles -9/Mines -8/Materials (discovered 2 exits: *Fac / Sto) -7/Factory -6/Factory -6/Extension (discovered 2 exits: *Fac / [*Cet]) -5/Factory -5/Upper Caves -5/Upper Caves -5/Warlord -4/Proximity Caves -4/Factory History --------- Turn | Location | Event 22 | -11/Scrapyard | Discovered new exit (range 16) 42 | -11/Scrapyard | Entered Materials 119 | -10/Materials | Identified exit to Mines 237 | -10/Materials | Entered Mines 301 | -10/Mines | Build established: Mutant 301 | -10/Mines | Discovered new exit (range 6) 548 | -10/Mines | Discovered new exit (range 9) 555 | -10/Mines | Met a Derelict shopkeep closing up shop 606 | -10/Mines | Identified exit to Materials 717 | -10/Mines | Found a hidden stash of uninstalled traps 731 | -10/Mines | Learned location of Storage (-8) 817 | -10/Mines | Discovered new exit (range 15) 830 | -10/Mines | Identified exit to Exiles 831 | -10/Mines | Entered Exiles 861 | -10/Exiles | Met 8R-AWN 885 | -10/Exiles | Met EX-HEX 921 | -10/Exiles | Met EX-BIN 939 | -10/Exiles | Aligned with FarCom system 941 | -10/Exiles | Given EX-Vault access code 1011 | -10/Exiles | Opened EX-Vault 1018 | -10/Exiles | Found Prototype Energy Cannon 1018 | -10/Exiles | Identified Gui. Plasma Cannon 1023 | -10/Exiles | Found Prototype Storage 1029 | -10/Exiles | Found Prototype Leg 1031 | -10/Exiles | Identified Potential Leg 1036 | -10/Exiles | Found Potential Leg 1040 | -10/Exiles | Identified Superbattery 1060 | -10/Exiles | Warned to stay clear of 0b10 Research branches 1087 | -10/Exiles | Met EX-DEC 1132 | -10/Exiles | Visited The Gauntlet 1504 | -10/Exiles | Discovered new exit (range 14) 1514 | -10/Exiles | Identified exit to Mines 1515 | -10/Exiles | Stole three prototypes: Potential Leg, Superbattery, Gui. Plasma Cannon 1515 | -10/Exiles | Entered Mines 1551 | -9/Mines | Met a Derelict bent on vengeance 1934 | -9/Mines | Learned 2 Materials zone layouts 2008 | -9/Mines | Core integrity fell below 50% 2081 | -9/Mines | Discovered new exit (range 10) 2097 | -9/Mines | Identified exit to Materials 2098 | -9/Mines | Entered Materials 2098 | -8/Materials | Evolved 4 slots: Propulsion x2, Utility x2 2099 | -8/Materials | Identified exit to Storage 2394 | -8/Materials | Discovered new exit (range 4) 2397 | -8/Materials | Identified exit to Factory 2398 | -8/Materials | Entered Factory 2398 | -7/Factory | Evolved 2 slots: Power x1, Utility x1 2400 | -7/Factory | FarCom data flow suspended 2512 | -7/Factory | Noticed a derelict Sapper rigging charges 2608 | -7/Factory | Discovered new exit (range 7) 2615 | -7/Factory | Identified exit to Factory 2623 | -7/Factory | Entered another Factory area 2623 | -6/Factory | Accompanied by 2 allies 2623 | -6/Factory | Evolved 2 slots: Utility x2 2743 | -6/Factory | Discovered new exit (range 20) 2768 | -6/Factory | Identified exit to Extension 2769 | -6/Factory | Entered Extension 2941 | -6/Extension | Spotted B-75 Beast 2943 | -6/Extension | Build established: Skirmisher 2955 | -6/Extension | Spotted B-75 Beast 3036 | -6/Extension | Core integrity fell below 50% 3048 | -6/Extension | Released all parts (6) 3063 | -6/Extension | Discovered new exit (range 16) 3064 | -6/Extension | Discovered new exit (range 15) 3074 | -6/Extension | Entered Factory 3074 | -5/Factory | Evolved 2 slots: Utility x2 3077 | -5/Factory | Lost 17 parts (4p5n4u4w) 3134 | -5/Factory | Discovered new exit (range 6) 3166 | -5/Factory | Entered Upper Caves 3166 | -5/Upper Caves | Accompanied by 1 ally 3246 | -5/Upper Caves | Build established: Mutant 3560 | -5/Upper Caves | Build established: Derelict-Mutant 4290 | -5/Upper Caves | Entered a destroyed Warlord outpost 4315 | -5/Upper Caves | Learned location of Warlord (-5) 4323 | -5/Upper Caves | Learned 4 Factory zone layouts 4750 | -5/Upper Caves | Discovered new exit (range 7) 4809 | -5/Upper Caves | Identified exit to Upper Caves 6807 | -5/Upper Caves | Entered another Upper Caves area 6909 | -5/Upper Caves | Lost 5 parts (2p2u1w) 6966 | -5/Upper Caves | Lost 4 parts (3u1w) 6979 | -5/Upper Caves | Found DCF Scrap (13 items) 7043 | -5/Upper Caves | Learned Factory non-interactive machine intel 7055 | -5/Upper Caves | Learned Factory emergency access door positions 7247 | -5/Upper Caves | System corruption reached 10% 7257 | -5/Upper Caves | Attracted the attention of an 0b10 outpost 7278 | -5/Upper Caves | Attracted the attention of an 0b10 checkpoint 7292 | -5/Upper Caves | Lost 8 parts (1n6u1w) 7407 | -5/Upper Caves | Core integrity fell below 50% 7414 | -5/Upper Caves | Spotted EK-2GP(f) 7415 | -5/Upper Caves | Encountered a Master Thief 7415 | -5/Upper Caves | Spotted 7U-DD2(f) 7416 | -5/Upper Caves | Encountered a Master Thief 7416 | -5/Upper Caves | Spotted 09-6VH(f) 7416 | -5/Upper Caves | Spotted 44-GS7(f) 7417 | -5/Upper Caves | Encountered a Master Thief 7417 | -5/Upper Caves | Encountered a Master Thief 7419 | -5/Upper Caves | Arm. Medium Treads stolen by Master Thief 7419 | -5/Upper Caves | Adv. Recoil Stabilizer stolen by Master Thief 7419 | -5/Upper Caves | Adv. Plasma Cannon stolen by Master Thief 7434 | -5/Upper Caves | Discovered new exit (range 5) 7437 | -5/Upper Caves | Identified exit to Warlord 7439 | -5/Upper Caves | Entered Warlord 7516 | -5/Warlord | Discovered new exit (range 15) 7574 | -5/Warlord | System corruption cleaned by Quarantine Array 7939 | -5/Warlord | Visited the Vortex Lab 7945 | -5/Warlord | Found Prototype Energy Gun 7947 | -5/Warlord | Identified Vortex Rifle 7952 | -5/Warlord | Found Prototype Energy Cannon 7952 | -5/Warlord | Identified Vortex Cannon 7955 | -5/Warlord | Warlord's base attacked by MAIN.C 7958 | -5/Warlord | Found Prototype Launcher 7958 | -5/Warlord | Identified Vortex Catalyst Activator 7964 | -5/Warlord | Found Vortex Cannon 7966 | -5/Warlord | Found Vortex Cannon 7973 | -5/Warlord | Found Vortex Rifle 7977 | -5/Warlord | Found Vortex Cannon 8152 | -5/Warlord | Found Prototype Special Weapon 8153 | -5/Warlord | Identified RU-N14's Throwing Claymores v3 8156 | -5/Warlord | Found RU-N14's Throwing Claymores v3 8158 | -5/Warlord | Found RU-N14's Throwing Claymores v3 8163 | -5/Warlord | Found RU-N14's Throwing Claymores v3 8305 | -5/Warlord | Warlord forces counterattacked 8429 | -5/Warlord | Opened side exit 8455 | -5/Warlord | Spotted Executioner 8456 | -5/Warlord | Spotted Executioner 8463 | -5/Warlord | Destroyed Executioner 8474 | -5/Warlord | Identified exit to Proximity Caves 8475 | -5/Warlord | Entered Proximity Caves 8475 | -4/Proximity Caves | Accompanied by 1 ally 8491 | -4/Proximity Caves | Destroyed 7 combat bots 8700 | -4/Proximity Caves | Spotted B-86 Titan 8711 | -4/Proximity Caves | Destroyed B-86 Titan 9624 | -4/Proximity Caves | Discovered new exit (range 11) 9642 | -4/Proximity Caves | Identified exit to Factory 9643 | -4/Proximity Caves | Entered Factory 9643 | -4/Factory | Accompanied by 1 ally 9643 | -4/Factory | Evolved 2 slots: Utility x1, Weapon x1 9646 | -4/Factory | Loaded intel: 228 non-interactive machine locations 9782 | -4/Factory | Spotted B-86 Titan 9833 | -4/Factory | Lost 5 parts (2p1u2w) 9864 | -4/Factory | Released all parts (9) 9916 | -4/Factory | Lost 7 parts (1p4n1u1w) 9929 | -4/Factory | Core integrity fell below 50% 9966 | -4/Factory | Core integrity fell below 20% 9973 | -4/Factory | Destroyed by H-77 Assassin with Coil Gun Last Messages --------------- Penetrated by Slug. Slug penetrates H-77 Assassin. H-77 Assassin retrieves Drone. The unstable cave ceiling collapses. Penetrated by Slug. U-05 Engineer lays Concrete. The unstable cave ceiling collapses. U-05 Engineer lays Concrete. Slug penetrates Wall. Penetrated by Slug. VTOL Module destroyed. Slug penetrates U-05 Engineer. Slug penetrates Wall. Penetrated by Slug. Slug penetrates Wall. VTOL Module destroyed. Penetrated by Slug. Slug penetrates Wall. Subcomponent Replicator disabled. Slug penetrates Wall. Map ----- +----------------------------------------------------+ | #???????????????????# "" ### "" """"!=# | | """ #???????????????????# ""# """"=[# | | """ #????????#+#+######## """ ""# " " % # | | """ #????????# """ ""# """ # | | #???###### """ T# # | | """ +???? "" ""# # | | """ #?????# "" ""# # | | """ #???### ""# # | | [ ##### """ ### # | | # # # """ ####+#####+##""" | | = """ | | [ "" | | " | | | | | | ##########+##############""### | | #???# #?# | | #???# #?# | | T #???# ### | | "" #???# + + | | #???# ### | | #???# #?# | | # ########???# #?# | | # #??????????# #?# | | " """" # #?"""??????# #?# | | " """" # +?"""??????#@A #?# | | ??"""" + #?"""????+?+ #?# | | ? """" # #??????????# #?# | | ? """" # #??????????#+############?########### | | ??"""" #######??????????# ???????????????????????? | | ???????#????????????????# ??????????############## | | ????????????????????????# ?????????? + | | ????????????????????????# ?????????? ######### | | ????????????????????????? ?????"?"?" " " #???????? | | ????????????????????????? ?????"?"?"?"?"?????????? | | ???????????????????????????????"?"?"?"?"?????????? | | ???????????????????????????????"?"?"?"?"?????????? | | ???????????????????????????????"?"?"?"?"?????????? | | ???????????????????????????????"?"?"?"?"?????????? | | ???????????????????????????????"?"?"?"?"?????????? | | ???????????????????????????????"?"?"?"?"?????????? | | ???????????????????????????????"?"?"?"?"?????????? | | ?????????????????????????????????????????????????? | | ?????????????????????????????????????????????????? | | ?????????????????????????????????????????????????? | | ?????????????????????????????????????????????????? | | ?????????????????????????????????????????????????? | | ?????????????????????????????????????????????????? | | ?????????????????????????????????????????????????? | | ???????????????????????????????????????""""""????? | +----------------------------------------------------+ Best States ------------- Heat Dissipation 78 Energy Generation 32 Energy Capacity 2000 Matter Stores 761 Matter Capacity 900 Sight Range 20 Robot Scan Range 15 Terrain Scan Range 14 Terrain Scan Density 10 ECM Strength 2 Jamming Range 14 Additional Mass Support 9 Corruption Containment 8 Armor Coverage 825 Resistance: KI 25 Resistance: TH 30 Resistance: EM 15 Utility Shielding 33 Phase Shifting 5 Evasion (%) 62 Matter Filtering 30 Particle Charging 15 Salvage Targeting 2 Defensive Hacking 22 Item Schematics ----------------- None Robot Schematics ------------------ None Fabricated ------------ Nothing Repaired ---------- Nothing Alien Tech Used ----------------- None Achievements -------------- Can't Touch This Charge!!! Challenges ------------ None Game ------ Seed NetworkCloakingTerrabomb Manual? 0 Play Time 01:39:46 Cumulative 57.5 hours Start 2025.07.10 @ 20:15:17 End 2025.07.10 @ 22:02:18 Sessions 1 Manual Loads 0 Difficulty Rogue Special Mode None Game No. 47 Rogue 44 Adventurer 1 Explorer 2 Win Type - Total 0 Types 0/0/0/0/0/0/0/0/0/0 Lore% 21 Gallery% 37 Achievement% 29 Wizard Run 0 Options --------- Layout 0 ASCII 0 Keyboard 0 Movement Mouse Keybinds 0 Fullscreen 2 Font 24/Smallcaps Map View 76x50 Zoom Use 0% Tactical HUD 0 Map Filters NONE Filters NONE Steam 1 RUN: c2340fef-8b13-4d44-8ed0-773ebdc7c766